Map: Echo LE (Void)

Players

BIGGIE

  • Race: Terran Terran
  • League: Gold
  • Spawn Location: 5:00

Fropez - Winner!

  • Race: Protoss Protoss
  • League: Gold
  • Spawn Location: 11:00

VOD

Have the link to the VOD?

Description

Time

  • Played on: Dec. 8, 2016, 2:51 p.m.
  • Length: 6:28
Show
View Real Time Build Order
Export as new Build Order

BIGGIE Terran 

Build Orders:  

Get SALT Encoding   

  12  0:02  SCV  
  13  0:15  SCV  
  13  0:18  Supply Depot  
  14  0:35  SCV  
  15  0:41  Barracks  
  15  0:48  SCV  
  16  1:00  SCV  
  17  1:06  Barracks  
  17  1:08  Engineering Bay  
  17  1:13  SCV  
  18  1:23  Barracks  
  18  1:32  Marine  
  19  1:49  Barracks  
  19  1:50  Barracks  
  19  1:51  SCV  
  20  2:02  Marine x2  
  20  2:08  Supply Depot  
  22  2:16  SCV  
  23  2:29  Marine x3  
  26  2:31  Supply Depot  
  26  2:36  Marine  
  27  2:37  Marine  
  27  2:52  Marine x3  
  27  2:54  Marine  
  27  2:55  Marine  
  32  2:59  Supply Depot  
  32  3:05  Refinery  
  32  3:10  Marine  
  33  3:17  Marine x3  
  33  3:18  Marine  
  37  3:28  Marine  
  38  3:35  Marine  
  38  3:38  Marine x2, SCV  
  38  3:39  Marine  
  43  3:45  Marine  
  20  4:39  Marine x4  
  20  4:40  Marine  
  20  4:42  Orbital Command  
  25  4:48  Supply Depot  
  25  4:57  Marine x5  
  30  5:15  Marine x5  
  35  5:32  Marine  
  33  6:07  Marine  
  33  6:08  Marine x2  
Show
View Real Time Build Order
Export as new Build Order

Fropez Protoss - Winner!

Build Orders: Mass Adepts 

Get SALT Encoding   

  12  0:01  Probe (Chrono Boost)  
  13  0:12  Probe (Chrono Boost)  
  14  0:18  Pylon  
  14  0:22  Probe (Chrono Boost)  
  15  0:37  Probe (Chrono Boost), Gateway  
  16  0:47  Probe (Chrono Boost)  
  16  0:48  Assimilator  
  17  0:58  Probe (Chrono Boost)  
  18  1:08  Probe (Chrono Boost)  
  19  1:11  Pylon  
  19  1:19  Probe (Chrono Boost)  
  20  1:29  Cybernetics Core  
  20  1:30  Probe (Chrono Boost)  
  21  1:40  Probe (Chrono Boost)  
  22  1:47  Pylon  
  22  1:56  Gateway x2  
  22  1:58  Probe (Chrono Boost)  
  23  2:01  Assimilator  
  23  2:06  Warp Gate (Chrono Boost)  
  25  2:08  Adept (Chrono Boost)  
  25  2:24  Pylon, Probe  
  26  2:36  Mothership Core  
  28  2:37  Adept  
  30  2:52  Adept x2  
  34  3:08  Assimilator  
  34  3:09  Probe  
  34  3:11  Assimilator  
  37  3:12  Adept  
  37  3:19  Adept x2  
  41  3:23  Probe  
  41  3:24  Pylon  
  42  3:29  Pylon  
  42  3:49  Probe  
  42  3:50  Pylon  
  42  3:54  Robotics Facility  
  43  4:01  Probe  
  43  4:02  Pylon  
  40  4:19  Adept x3  
  40  4:42  Stalker x3  
  47  4:45  Probe  
  47  4:57  Probe  
  48  5:25  Stalker x3  
  54  5:48  Nexus  
  54  5:52  Forge, Probe  
  55  5:59  Gateway  
  55  6:04  Probe  
  52  6:21  Stalker x2  
  52  6:22  Stalker  
Tags
 
Composition
Mass Adepts
League
GoldGold
Matchup
PvT
Replay Pack
All Mines
Spawn Locations
Cross Positions
Add a new tag
Caveats
  • Supply blocks, unpowered buildings, or Contaminate may cause inaccurate times.
  • Supply counts are checked every 10 seconds.